Cogmind - Beta 17.1 @@@ ROGUE MODE // 2026.09.08 @ 05:56:46 Player: Cereal Killer Result: Destroyed by 1H-9W5(R) with Improved Medium Laser Performance ------------- Evolutions (0) 0 Regions Visited (2) 400 Robots Destroyed (6) 30 Value Destroyed (118) 118 Prototype IDs (15) 300 Alien Tech Used (0) 0 Bonus (5650) 5650 TOTAL SCORE: 6498 Bonus ------- Prayed to X0-1V1 5000 Major X0-1V1 Interference 650 Cogmind --------- Core Integrity 0/200 Matter 202/300 Energy 202/250 System Corruption 2% Temperature Cool (9) Movement Core (150) Ox2 Location -10/Subcaves Parts ------- > --- POWER (1) -------- Ion Engine > --- PROPULSION (2) --- (None) > --- UTILITY (2) ------ X0-1V1's Piety Tracker > --- WEAPON (2) ------- Small Laser > --- INVENTORY (5) ---- Flightbrick High-capacity Storage Unit Peak State ------------ > --- POWER ------------ Light Nuclear Core > --- PROPULSION ------- Compact Wheel Compact Wheel > --- UTILITY ---------- Improved Terrain Scanner X0-1V1's Piety Tracker > --- WEAPON ----------- Light Assault Rifle Light Assault Rifle > --- INVENTORY -------- Ion Engine High-capacity Storage Unit High-capacity Storage Unit Small Laser Mining Laser [Rating: 23] Favorites ----------- Power Light Ion Engine Engine Light Ion Engine Power Core Light Nuclear Core Propulsion Compact Wheel Wheel Compact Wheel Utility Improved Terrain Scanner Device Improved Terrain Scanner Storage Large Matter Pod Weapon Light Assault Rifle Energy Gun Small Laser Ballistic Gun Light Assault Rifle Special Weapon Mining Laser Build | -11 -10 -10 ------- Run | Yrd Mat Sub Slots Evolved . | . . . Power . | . . . Propulsion . | . . . Utility . | . . . Weapon . | . . . Parts Attached 12 | 5 4 3 Power 3 | 1 1 1 Engine 2 | 1 . 1 Core 1 | . 1 . Reactor . | . . . Propulsion 2 | 2 . . Treads . | . . . Leg . | . . . Wheel 2 | 2 . . Hover . | . . . Flight . | . . . Utility 3 | . 2 1 Device 2 | . 1 1 Storage 1 | . 1 . Processor . | . . . Hackware . | . . . Protection . | . . . Artifact . | . . . Weapon 4 | 2 1 1 Energy Gun 1 | . . 1 Energy Cannon . | . . . Ballistic Gun 2 | 2 . . Ballistic Cannon . | . . . Launcher . | . . . Special Weapon 1 | . 1 . Impact Weapon . | . . . Slashing Weapon . | . . . Piercing Weapon . | . . . Special Melee Weapon . | . . . Unidentified Prototypes 1 | . . 1 Parts Lost 7 | . . 7 Power 1 | . . 1 Propulsion 2 | . . 2 Utility 1 | . . 1 Weapon 3 | . . 3 Highest Loss Streak 5 | . . 5 To Critical Strikes . | . . . Average Backups 4 | 2 4 4 Power . | . 1 . Propulsion . | . . . Utility 1 | . 1 1 Weapon 1 | 1 2 1 Tool/Special . | . . . Unused Backups 4 | . 2 2 Power . | . . . Propulsion . | . . . Utility 4 | . 2 2 Weapon . | . . . Tool/Special . | . . . Average Slot Usage (%) 88 | . 97 76 Engine 7 | . 11 . Core 4 | . 2 8 Wheel 25 | . 28 22 Device 16 | . 14 20 Storage 7 | . 11 2 Ballistic Gun 22 | . 26 17 Special Weapon 1 | . 1 2 Peak Build Rating 23 | 5 11 23 Average Rating 12 | 4 9 18 On Entrance 5 | . 5 11 Avg Prop Armor Cover (%) 15 | . . 15 Naked Turns . | . . . Heaviest Build 11 | 5 11 11 Greatest Support 32 | 32 32 32 Greatest Overweight (x) 2 | . . 2 Average Overweight (x) . | . . . Largest Inventory Capacity 5 | 5 5 5 Average Capacity 5 | 5 5 5 Most Carried 5 | 5 5 5 Average Carried 4 | 2 4 4 Final Capacity 5 | 5 5 5 Final Carried 5 | 5 5 5 Class Distribution -------------------- 100% | Mutant Dominant Class ---------------- Mutant | -10/Materials Mutant | -10/Subcaves Resources | -11 -10 -10 ----------- Run | Yrd Mat Sub Matter Collected 332 | 214 118 . Remotely . | . . . Salvage Created 155 | 18 137 . Parts 17 | 4 13 . Haulers Intercepted . | . . . Recyclers Shooed . | . . . Parts Field Recycled . | . . . Retrieved Matter . | . . . Parts Self-Destructed 30 | . . 30 Prevented . | . . . Parts Restored . | . . . Kills | -11 -10 -10 ------- Run | Yrd Mat Sub Combat Hostiles Destroyed 5 | . 5 . Guns 5 | . 5 . Classes Destroyed 3 | 1 2 . Tunneler 1 | 1 . . Swarmer 3 | . 3 . Grunt 2 | . 2 . Best Kill Streak 3 | 1 3 . Combat Bots Only 3 | . 3 . Max Kills in Single Turn 1 | 1 1 . Gunslinging . | . . . Exploded . | . . . Melee . | . . . Uniques/NPCs Destroyed . | . . . Combat | -11 -10 -10 -------- Run | Yrd Mat Sub Hostile Shots Fired 71 | . 18 53 Missed 24 | . 3 21 Hits 47 | . 15 32 Projectile 47 | . 15 32 Critical Strikes 1 | . . 1 Damage Taken 697 | . 156 541 Core 263 | . 20 243 Absorbed by Shields . | . . . Core Remaining (%) 100 | 100 . . Volleys Fired 40 | 6 29 5 Largest 2 | 2 2 1 Hottest 100 | 40 100 100 Shots Fired 64 | 12 47 5 Gun 49 | 12 36 1 Cannon . | . . . Launcher . | . . . Special 15 | . 11 4 Kinetic 48 | 12 36 . Thermal 16 | . 11 5 Explosive . | . . . Electromagnetic . | . . . Robot Hit Streak 5 | 3 5 2 Robot Miss Streak 5 | 1 5 . Penetration Max . | . . . Secondary Targets 1 | . 1 . Max Gunslinging Chain 1 | . 1 . Shots Hit Robots 30 | 8 21 1 Core Hits 12 | 3 9 . Critical Kills . | . . . Critical Parts Destroyed . | . . . Critical Strikes . | . . . Melee Attacks . | . . . Impact . | . . . Slashing . | . . . Piercing . | . . . Sneak Attacks . | . . . Combat Hostiles . | . . . Follow-up Attacks . | . . . Damage Inflicted 253 | 77 176 . Guns 253 | 77 176 . Cannons . | . . . Explosions . | . . . Melee . | . . . Ramming . | . . . Kinetic 253 | 77 176 . Thermal . | . . . Explosive . | . . . Electromagnetic . | . . . Impact . | . . . Slashing . | . . . Piercing . | . . . Highest Corruption 2 | . 2 2 Average Corruption 2 | . 2 2 Corruption Purged . | . . . Corruption Blocked . | . . . Effects 10 | . 5 5 Message Errors 2 | . 1 1 Matter Fused 5 | . 3 2 Energy Discharges 1 | . . 1 Parts Rejected 1 | . . 1 Data Loss (major) 1 | . 1 . Overload Shots . | . . . Overflow Damage . | . . . Projectiles . | . . . Explosions . | . . . Melee . | . . . Knockbacks . | . . . Impact . | . . . Kinetic . | . . . Secondary . | . . . Self-Inflicted Damage . | . . . Shots . | . . . Rammed . | . . . Targets Rammed . | . . . Kicked . | . . . Crushed . | . . . Highest Temperature 170 | . 170 . Average Temperature 62 | . 62 . Received Heat Transfer 276 | . 54 222 Siege Activations . | . . . Martial Activations . | . . . Shielding Activations . | . . . Robots Disrupted . | . . . Combat Hostiles . | . . . Robots Corrupted . | . . . Combat Hostiles . | . . . Parts Fried . | . . . Impact Corruptions . | . . . Robots Melted . | . . . Combat Hostiles . | . . . Parts Melted . | . . . Heat Transferred . | . . . Parts Sabotaged . | . . . Parts Stolen . | . . . Parts Stripped . | . . . Power Chain Reactions . | . . . Alert | -11 -10 -10 ------- Run | Yrd Mat Sub Maximum Alert Level . | . . . Low Security (%) 100 | 100 100 . Level 1 . | . . . Level 2 . | . . . Level 3 . | . . . Level 4 . | . . . Level 5 . | . . . High Security . | . . . Max Security . | . . . Peak Influence 87 | 5 87 . Initial 3 | . 3 . Average 16 | . 19 . Influence Increases 202 | 5 137 60 Destroy 0b10 Robot/C 100 | . 100 . Destroy 0b10 Robot/NC 5 | 5 . . Destroy Leader 20 | . 20 . Destroy Structure 2 | . 2 . Lose Combat Pursuer 75 | . 15 60 Influence Decreases 202 | . 79 123 Entered New Map 33 | . 2 31 Time Decay 134 | . 77 57 Lost Part 35 | . . 35 Squads Dispatched 1 | . 1 . Investigation . | . . . Extermination . | . . . Reinforcement 1 | . 1 . Assault . | . . . Garrison . | . . . Intercept . | . . . Searches Triggered . | . . . Construction Impeded . | . . . Haulers Reinforced . | . . . Active Scanning Responses . | . . . Cargo Convoy Interrupts . | . . . Stealth | -11 -10 -10 --------- Run | Yrd Mat Sub Distress Signals . | . . . Communications Jammed . | . . . Distress Signals . | . . . Times Spotted 28 | . 12 16 Peak Tracking Total 8 | . 5 8 Tactical Retreats 5 | . 1 4 Traps | -11 -10 -10 ------- Run | Yrd Mat Sub Traps Triggered 1 | . 1 . Indirectly . | . . . Trap Hack Attempts . | . . . Triggered . | . . . Disarmed . | . . . Reprogrammed . | . . . Reused . | . . . Traps Extracted . | . . . Installed . | . . . Triggered . | . . . Machines | -11 -10 -10 ---------- Run | Yrd Mat Sub Machines Disabled 1 | . . 1 Max in Single Turn 1 | . . 1 Machines Repaired . | . . . Machines Dismantled . | . . . Machines Sabotaged . | . . . Overloaded Fab Kills . | . . . Hacking | -11 -10 -10 --------- Run | Yrd Mat Sub Machines Accessed 1 | . . 1 Terminals . | . . . Fabricators . | . . . Repair Stations . | . . . Recycling Units . | . . . Scanalyzers . | . . . Garrison Access . | . . . Total Hacks 1 | . . 1 Successful 1 | . . 1 Failed . | . . . Catastrophic . | . . . Database Lockouts . | . . . Manual 1 | . 1 . Terminals . | . . . Fabricators . | . . . Repair Stations . | . . . Recycling Units . | . . . Scanalyzers . | . . . Garrison Access . | . . . Terminal Hacks 1 | . . 1 Proto ID Catalog 1 | . . 1 Fabricator Hacks . | . . . Repair Station Hacks . | . . . Recycling Unit Hacks . | . . . Scanalyzer . | . . . Garrison Access Hacks . | . . . Unauthorized Hacks . | . . . Terminals . | . . . Fabricators . | . . . Repair Stations . | . . . Recycling Units . | . . . Scanalyzers . | . . . Garrison Access . | . . . Data Cores Recovered . | . . . Used . | . . . Hacking Detections . | . . . Full Trace Events . | . . . Feedback Events . | . . . Feedback Blocked . | . . . Robot Schematics Acquired . | . . . Robots Built . | . . . Authchips . | . . . Time . | . . . Total Robot Build Rating . | . . . Part Schematics Acquired . | . . . Parts Built . | . . . Authchips . | . . . Time . | . . . Total Part Build Rating . | . . . Part Studies Acquired . | . . . Parts Repaired . | . . . Time . | . . . Parts Recycled . | . . . Recycled Matter . | . . . Retrieved Matter . | . . . Retrieved Components . | . . . Parts Scanalyzed . | . . . Part Schematics Acquired . | . . . Parts Damaged . | . . . Bothacking | -11 -10 -10 ------------ Run | Yrd Mat Sub Used RIF Installer . | . . . Robots Hacked . | . . . Non-combat . | . . . Combat . | . . . Robot Hacks Applied . | . . . Relay Couplers Released . | . . . Fabnet Peak Effective % . | . . . Robots Rewired . | . . . Allies Hacked . | . . . Hacks Repelled . | . . . Allies | -11 -10 -10 -------- Run | Yrd Mat Sub Total Allies . | . . . Largest Group . | . . . Highest-Rated Group . | . . . Highest-Rated Ally . | . . . Total Orders . | . . . Ally Attacks . | . . . Total Damage . | . . . Kills . | . . . Allies Corrupted . | . . . Allies Melted . | . . . X0-1V1 Amusement Gains 21 | . 21 . Average Entertainment 14 | . . 14 Good Acts 3 | . . 3 Bad Acts 5 | . . 5 Intel | -11 -10 -10 ------- Run | Yrd Mat Sub Active Infowar (turns) 663 | . 461 202 Terrain 663 | . 461 202 Robot Analysis Total . | . . . Derelict Logs Recovered . | . . . Drone Launches . | . . . Drone Recoveries . | . . . Exploration | -11 -10 -10 ------------- Run | Yrd Mat Sub Turns Passed 881 | 77 461 343 Spaces Moved 765 | 50 354 361 Core 146 | 7 . 139 Treads . | . . . Legs . | . . . Wheels 619 | 43 354 222 Hover . | . . . Flight . | . . . Fastest Speed 50 | 50 100 50 Average Speed 90 | 93 100 81 Slowest Speed 150 | 100 100 150 Overloaded Moves . | . . . Propulsion Burnouts . | . . . Robots Hopped . | . . . Potential Cave-ins . | . . . Cave-ins Triggered . | . . . Exploration Rate (%) 34 | 4 69 29 Regions Visited 2 Branch Regions 1 Pre-discovered Areas . | . . . Known Exits Taken . | . . . Unknown Exits Taken 2 | 1 1 . Scrap Searched . | . . . Spaces Dug 3 | . 3 . Terrain Destroyed 4 | . 4 . Melee . | . . . Projectile 4 | . 4 . AOE . | . . . Terrain Rammed . | . . . Walls Destroyed . | . . . Machines Disabled . | . . . Actions | -11 -10 -10 --------- Run | Yrd Mat Sub Total 866 | 70 399 397 Wait 26 | . 4 22 Move 763 | 49 353 361 Hop . | . . . Pick Up 14 | 10 3 1 Fast Attach 4 | . 2 2 Attach 9 | 5 1 3 Detach . | . . . Swap 5 | . 4 1 Drop 5 | . 3 2 Fire 40 | 6 29 5 Melee . | . . . Ram . | . . . Kick . | . . . Crush . | . . . Escape Stasis . | . . . Rewire . | . . . Trap . | . . . Miscellaneous . | . . . Route ------- -11/Scrapyard -10/Materials (discovered 4 exits: [*Mat x2] / [*Min] / *Sub) -10/Subcaves History --------- Turn | Location | Event 22 | -11/Scrapyard | Discovered new exit (range 16) 78 | -11/Scrapyard | Entered Materials 211 | -10/Materials | Discovered new exit (range 15) 250 | -10/Materials | Discovered new exit (range 8) 306 | -10/Materials | Build established: Mutant 471 | -10/Materials | Discovered new exit (range 14) 534 | -10/Materials | Discovered new exit (range 3) 539 | -10/Materials | Prayed at D.C.S.S. Altar Unit 539 | -10/Materials | Entered Subcaves 614 | -10/Subcaves | X0-1V1 caused items to flee you 651 | -10/Subcaves | X0-1V1 sent hostile G-34 Mercenary (x3) 740 | -10/Subcaves | Items stopped fleeing you 745 | -10/Subcaves | Melee accuracy permanently improved by X0-1V1 (+5%; -50 max core) 754 | -10/Subcaves | Ambushed by Subdwellers from Twisted Machinery 769 | -10/Subcaves | Core integrity fell below 50% 791 | -10/Subcaves | Lost 5 parts (1p1n1u2w) 844 | -10/Subcaves | Visited 4L-MR0's lab 865 | -10/Subcaves | Found Flightbrick 873 | -10/Subcaves | Core integrity fell below 20% 882 | -10/Subcaves | Destroyed by 1H-9W5(R) with Improved Medium Laser Last Messages --------------- Maxwheels Hoverbase Flightbrick Gun Armor Tower Shield Power Bank Rainbow Chip Procsplitter VL-GR5's Exoskeleton "Deathgrip" Powered Cannon 00851_ Testing Chamber breached. 00861_ Dropped Corrupted Hcp. Storage Unit. 00863_ System corrupted: Matter fused (-5). 00865_ Com. Wheel destroyed. 00865_ Acquired Flightbrick. 00876_ Machine disabled. 00878_ Critical hit (Burn: +37). 00878_ Machine disabled. 00880_ Mining Laser destroyed. 00882_ X0-1V1 chuckles heartily! Map ----- +----------------------------------------------------+ | ?????????????????????????????????????????????????? | | ?????????????????????????????????????????????????? | | ?????????????????????????????????????????????????? | | ?????????????????????????????????????????????????? | | ?????????????????????????????????????????????????? | | ?????????????????????????????????????????????????? | | ?????????????????????????????????????????????????? | | ?????????????????????????????????????????????????? | | ?????????????????????????????????????????????????? | | ?????????????????????????????????????????????????? | | ?????????????????????????????????????????????????? | | ?????????????????????????????????????????????????? | | ?????????????????????????????????????????????????? | | ?????????????????????????????????????????????????? | | ?#???????????????????????????????????????????????? | | ?????????????????????????????????????????????????? | | ?????????????????????????????????????????????????? | | ?????????????????????????????????????????????????? | | ?????????????????????????????????????????????????? | | ?????"???????????????????????????????????????????? | | ?????????????????????????????????????????????????? | | ?????????????????????????????????????????????????? | | ?????????????????????????????????????????????????? | | ???????????????????????????????#####?????????????? | | ??????????????????????##########"" ##????????????? | | ??????????????????????# !@ "## "" #????????????? | | ???#??????????????????### R#"" "#????????????? | | ??????????????????????#"""X R/< ""#????????????? | | ??????????????????????#"""""""# <<<<#????????????? | | ??????????????????????########## << #????????????? | | ??????????????????????????????## "#????????????? | | ?????????????????????????######""" "#????????????? | | ?????????????????????????# # " ##????????????? | | ????????????#????????????## #?????????????? | | ?????????????????????????#" ## #######????????? | | ????####???????????????###" "###### #????????? | | ?#?? ##????????????### " ### ##???????? | | #???# #???????????## ##??????? | | ###?# #??????????## ########## ## #??????? | | ### #??????????# ????# ?# ## #??????? | | ## ##????????## #???## ## #???????? | | ## #??????### #??## ##??## | | #### #?#???### #### ## | | ??## #????## ## | | ### ##???# ### #?? | | # ##???? #?## ## ##?? | | ####??# ##?###?# ###### #??? | | ##??# #???### ###?????# ##??? | | # #### ##### ##???????##???? | | ### ### ## #????????????? | +----------------------------------------------------+ Best States ------------- Heat Dissipation 57 Energy Generation 14 Energy Capacity 250 Matter Stores 255 Matter Capacity 450 Sight Range 16 Terrain Scan Range 16 Terrain Scan Density 10 Evasion (%) 50 Item Schematics ----------------- None Robot Schematics ------------------ None Fabricated ------------ Nothing Repaired ---------- Nothing Studied --------- None Alien Tech Used ----------------- None Achievements -------------- None Challenges ------------ None Game ------ Seed PhaseProtonCoupler Manual? 0 Play Time 00:10:23 Cumulative 365.8 hours Start 2026.09.08 @ 05:49:30 End 2026.09.08 @ 05:56:46 Sessions 1 Manual Loads 0 Difficulty Rogue Special Mode None Game No. 275 Rogue 266 Adventurer 9 Explorer 0 Win Type - Total 5 Types 4/0/0/1/0/0/0/0/0/0 Lore% 88 Gallery% 74 Achievement% 56 Wizard Run 0 Options --------- Layout 1 ASCII 0 Keyboard 0 Movement Numpad Keybinds 0 Fullscreen 1 Font 24/Smallcaps Map View 50x35 Zoom Use 0% Tactical HUD 1 Map Filters NONE Filters NONE Steam 1 RUN: d623cd82-524c-4ec1-89d8-28dc0253b6de